 Dungeon Sprint DCSS version 0.17-a0-1850-g688e747 (webtiles) character file.

5431 Kidiri the Protected (level 10, -3/95 HPs)
             Began as a Minotaur Fighter on Sept 18, 2015.
             Was the Champion of Trog.
             Slain by Sonja
             ... wielding a +0 short sword of distortion
              (18 damage)
             ... in the Dungeon (Sprint VII: "The Pits").
             The game lasted 00:11:51 (1253 turns).

Kidiri the Protected (Minotaur Fighter)             Turns: 1253, Time: 00:11:51

Health: -3/95      AC: 23    Str: 24    XL:     10   Next: 40%
Magic:  3/3        EV: 15    Int:  5    God:    Trog [******]
Gold:   0          SH: 14    Dex: 13    Spells: 0 memorised, 9 levels left

rFire  . . .     SeeInvis .     y - +4 eveningstar (antimagic)
rCold  . . .     Clarity  .     w - +3 plate armour
rNeg   . . .     SustAt   .     c - +0 shield
rPois  .         Gourm    .     b - +2 hat
rElec  .         Spirit   .     x - +0 cloak
rCorr  .         Warding  .     (no gloves)
rMut   .         NoTele   +     (no boots)
MR     ++...                    (no amulet)
Stlth  ..........               r - +3 ring of dexterity
                                l - +3 ring of evasion

@: lethally poisoned (-3 -> -4), regenerating, slowed, very slow, very resistant
to hostile enchantments, extremely unstealthy
A: retaliatory headbutt, horns 2
a: Burn Spellbooks, Berserk, Trog's Hand, Brothers in Arms, Renounce Religion


You were in the Dungeon.
You worshipped Trog.
Trog was exalted by your worship.
You were hungry.

You visited 1 branch

Inventory:

Hand weapons
 y - a +4 antimagic eveningstar (weapon)
 z - the +7 greatsling "Punk" {freeze, rC+}
   (Trog gifted it to you in the Dungeon)

   It causes projectiles fired from it to freeze those they strike, causing
   extra injury to most foes and up to half again as much damage against
   particularly susceptible opponents.
   They can also slow down cold-blooded creatures.
   It protects you from cold.
Missiles
 D - 7 stones (quivered)
Armour
 b - a +2 hat (worn)
 c - a +0 shield (worn)
 w - a +3 plate armour (worn)
 x - a +0 cloak (worn)
Jewellery
 l - a +3 ring of evasion (left hand)
 r - a +3 ring of dexterity (right hand)
Scrolls
 k - a scroll of blinking
 p - 3 scrolls of remove curse
 q - a scroll of summoning
Potions
 d - a potion of might
 f - 7 potions of curing
 g - 11 potions of heal wounds
 h - a potion of haste
 i - 4 potions of magic
 j - 3 potions of berserk rage
 o - 2 potions of invisibility
 t - 2 potions of cure mutation
 u - 2 potions of brilliance
Comestibles
 a - 20 chunks of flesh
 e - 8 bread rations
 m - 40 fruits
 n - 7 meat rations


   Skills:
 + Level 11.1 Fighting
 * Level 14.5 Maces & Flails
 * Level 14.8 Armour
 + Level 9.5 Dodging
 * Level 14.8 Shields


You had 9 spell levels left.
You didn't know any spells.

Dungeon Overview and Level Annotations

Branches:
Dungeon (1/1)

Altars:
Ashenzari
Cheibriados
Dithmenos
Elyvilon
Fedhas
Gozag
Kikubaaqudgha
Makhleb
Nemelex Xobeh
Okawaru
Qazlal
Ru
Sif Muna
Trog
Vehumet
Xom
Yredelemnul
Zin
The Shining One
Beogh
Jiyva
Lugonu

Annotations:
D Sonja


Innate Abilities, Weirdness & Mutations

You reflexively headbutt those who attack you in melee.
You have a pair of horns on your head.


Message History

Sonja hits your hill giant with an uncursed short sword of distortion.
Your hill giant looks slightly unstable.
Sonja hits your hill giant with an uncursed short sword of distortion.
Space bends around your hill giant.
There is an open door, spattered with blood here.
You see here a basilisk corpse.
You feel sick.
You hear a shout!
Unknown command.
You start resting.
You feel sick.
You feel sick.
You closely miss Sonja. Your headbutt misses Sonja.
Sonja is lightly wounded.
You block Sonja's attack. x2
Sonja hits you but does no damage. Sonja completely misses you.
Sonja hits you with an uncursed short sword of distortion.
Space warps horribly around you!
* * * LOW HITPOINT WARNING * * *
Sonja hits you but does no damage. Space warps horribly around you!
You die...

..#......# .........+
.........+ ..#......#
.........# ##''######
##''################
##..........#......# .
##..........+...@..# ...
##..#####...#####K##.....
##..+...#..KC.(()(.......
##..#...#..÷.....##+##...
##..#...#.#####..#
##..#####.÷...#..#
##...÷....#...+(.#
##........#...#.........
###+###...#..%#.........


You could see Sonja.

Vanquished Creatures
  An orc knight (D)
  A kobold demonologist (D)
  A hellwing (D)
  A jumping spider (D)
  A bog body (D)
  A trapdoor spider (D)
  A tarantella (D)
  4 yaks (D)
  A fire bat (D)
  A basilisk (D)
  A deep elf fighter (D)
  A hungry ghost (D)
  Purgy (D)
  2 orc warriors (D)
  A centaur (D)
  An ogre (D)
  A brain worm (D)
  3 orc priests (D)
  A worker ant (D)
  A quasit (D)
  An ufetubus (D)
  2 oozes (D)
  12 orcs (D)
  A giant cockroach (D)
  A goblin (D)
  A hobgoblin (D)
  4 jackals (D)
  A quokka (D)
  2 ball pythons (D)
  A bat (D)
  A giant gecko (D)
  2 kobolds (D)
  A rat (D)
56 creatures vanquished.

Vanquished Creatures (collateral kills)
  Gastronok (D)
  2 kobold demonologists (D)
  A komodo dragon (D)
  A guardian mummy (D)
  A demonic crawler (D)
  A polar bear (D)
  A two-headed ogre (D)
  A basilisk (D)
  A steam dragon (D)
  2 big kobolds (D)
  A worker ant (D)
  A mummy (D)
  3 orcs (D)
17 creatures vanquished.

Grand Total: 73 creatures vanquished

Notes
Turn   | Place    | Note
--------------------------------------------------------------
     0 | D        | Kidiri the Minotaur Fighter began the quest for the Orb.
     0 | D        | Reached XP level 1. HP: 19/19 MP: 0/0
    29 | D        | Found a sacrificial altar of Ru.
    29 | D        | Found a basalt altar of Yredelemnul.
    29 | D        | Found a shadowy altar of Dithmenos.
    29 | D        | Found a deep blue altar of Sif Muna.
    29 | D        | Found a burning altar of Makhleb.
    29 | D        | Found a shimmering altar of Xom.
    29 | D        | Found an ancient bone altar of Kikubaaqudgha.
    29 | D        | Found a sparkling altar of Nemelex Xobeh.
    30 | D        | Found a glowing golden altar of the Shining One.
    30 | D        | Found a bloodstained altar of Trog.
    30 | D        | Found a shattered altar of Ashenzari.
    30 | D        | Found a white marble altar of Elyvilon.
    30 | D        | Found a snail-covered altar of Cheibriados.
    30 | D        | Found a blossoming altar of Fedhas.
    30 | D        | Found a radiant altar of Vehumet.
    30 | D        | Found a glowing silver altar of Zin.
    30 | D        | Found a corrupted altar of Lugonu.
    30 | D        | Found a viscous altar of Jiyva.
    30 | D        | Found a roughly hewn altar of Beogh.
    30 | D        | Found an iron altar of Okawaru.
    36 | D        | Found a stormy altar of Qazlal.
    37 | D        | Found an opulent altar of Gozag.
    44 | D        | Became a worshipper of Trog the Wrathful
    90 | D        | Reached skill level 4 in Armour
    96 | D        | Acquired Trog's first power
   232 | D        | Acquired Trog's second power
   232 | D        | Reached skill level 1 in Dodging
   233 | D        | Reached XP level 2. HP: 27/27 MP: 1/1
   363 | D        | Noticed an orc priest
   364 | D        | Noticed a quasit
   364 | D        | Noticed an orc priest
   365 | D        | Noticed an orc priest
   371 | D        | Killed a quasit
   371 | D        | Reached skill level 5 in Armour
   371 | D        | Reached skill level 5 in Shields
   371 | D        | Reached XP level 3. HP: 27/34 MP: 2/2
   376 | D        | Killed an orc priest
   376 | D        | Acquired Trog's third power
   376 | D        | Reached skill level 5 in Maces & Flails
   376 | D        | Reached skill level 6 in Armour
   376 | D        | Reached XP level 4. HP: 37/41 MP: 3/3
   378 | D        | Killed an orc priest
   378 | D        | Reached skill level 5 in Fighting
   381 | D        | Killed an orc priest
   381 | D        | Reached skill level 7 in Armour
   384 | D        | Reached XP level 5. HP: 41/48 MP: 4/4
   415 | D        | Noticed a fire bat
   419 | D        | Noticed an orc warrior
   437 | D        | Killed an orc warrior
   437 | D        | Reached skill level 8 in Armour
   488 | D        | Killed a fire bat
   488 | D        | Reached skill level 9 in Armour
   488 | D        | Reached skill level 5 in Dodging
   488 | D        | Reached XP level 6. HP: 45/58 MP: 5/5
   496 | D        | Received a gift from Trog
   556 | D        | Noticed a centaur
   560 | D        | Killed a centaur
   595 | D        | Noticed a deep elf fighter
   595 | D        | Noticed Purgy
   605 | D        | Killed Purgy
   605 | D        | Reached skill level 10 in Shields
   605 | D        | Reached XP level 7. HP: 52/66 MP: 2/6
   615 | D        | Killed a deep elf fighter
   615 | D        | Reached skill level 10 in Armour
   698 | D        | Noticed a worker ant
   698 | D        | Noticed a demonic crawler
   698 | D        | Noticed Gastronok
   700 | D        | Killed a worker ant
   700 | D        | Received a gift from Trog
   702 | D        | Killed a demonic crawler
   702 | D        | Reached skill level 10 in Maces & Flails
   705 | D        | Killed Gastronok
   705 | D        | Received a gift from Trog
   705 | D        | Reached skill level 11 in Maces & Flails
   705 | D        | Reached skill level 12 in Armour
   705 | D        | Reached XP level 8. HP: 70/78 MP: 2/7
   877 | D        | Noticed a tarantella
   878 | D        | Noticed a polar bear
   884 | D        | Killed a tarantella
   884 | D        | Killed a polar bear
   893 | D        | Noticed a steam dragon
   900 | D        | Killed a steam dragon
   900 | D        | Reached XP level 9. HP: 74/84 MP: 8/8
   932 | D        | Noticed a hungry ghost
   937 | D        | Noticed a two-headed ogre
   938 | D        | Killed a hungry ghost
   939 | D        | Noticed a basilisk
   940 | D        | Killed a two-headed ogre
   942 | D        | Killed a basilisk
   943 | D        | Noticed a guardian mummy
   944 | D        | Killed a guardian mummy
   944 | D        | Reached skill level 13 in Shields
   946 | D        | Received a gift from Trog
  1015 | D        | Noticed a hellwing
  1015 | D        | Noticed a yak
  1017 | D        | Noticed a trapdoor spider
  1019 | D        | Noticed a yak
  1019 | D        | Killed a yak
  1020 | D        | Noticed a yak
  1020 | D        | Noticed a yak
  1025 | D        | Killed a trapdoor spider
  1030 | D        | Killed a yak
  1030 | D        | Reached skill level 10 in Fighting
  1032 | D        | Killed a yak
  1034 | D        | Killed a yak
  1044 | D        | Killed a hellwing
  1056 | D        | Noticed a kobold demonologist
  1056 | D        | Noticed a kobold demonologist
  1056 | D        | Noticed a kobold demonologist
  1056 | D        | Noticed a brain worm
  1058 | D        | Noticed a big kobold
  1059 | D        | Noticed a big kobold
  1059 | D        | Noticed a komodo dragon
  1061 | D        | Killed a brain worm
  1061 | D        | Received a gift from Trog
  1065 | D        | Noticed a sun demon
  1065 | D        | Killed a komodo dragon
  1070 | D        | Killed a kobold demonologist
  1070 | D        | Reached skill level 14 in Armour
  1070 | D        | Reached XP level 10. HP: 86/94 MP: 9/9
  1072 | D        | Killed a kobold demonologist
  1072 | D        | Received a gift from Trog
  1075 | D        | Killed a kobold demonologist
  1077 | D        | Killed a big kobold
  1079 | D        | Killed a big kobold
  1094 | D        | Noticed an orc knight
  1099 | D        | Noticed an orc warrior
  1100 | D        | Noticed a jumping spider
  1103 | D        | Noticed an ogre
  1118 | D        | Killed an orc knight
  1120 | D        | Killed an ogre
  1120 | D        | Received a gift from Trog
  1126 | D        | Killed a jumping spider
  1128 | D        | Killed an orc warrior
  1208 | D        | Noticed a worker ant
  1210 | D        | Noticed a basilisk
  1210 | D        | Noticed a bog body
  1211 | D        | Noticed Sonja
  1215 | D        | Killed a bog body
  1232 | D        | Killed a basilisk
  1246 | D        | Killed a worker ant
  1246 | D        | Received a gift from Trog
  1253 | D        | Slain by Sonja

Vault maps used:
D:        pitsprint

Action                   |  1- 3 |  4- 6 |  7- 9 | 10-12 || total
-------------------------+-------+-------+-------+-------++-------
Melee: Mace              |    26 |    32 |       |       ||    58
       Flail             |     4 |       |       |       ||     4
       Morningstar       |       |    16 |    61 |     7 ||    84
       Eveningstar       |       |       |       |    39 ||    39
Invok: Trog's Hand       |     2 |       |     4 |     2 ||     8
       Berserk           |     1 |       |       |       ||     1
       Brothers in Arms  |       |       |     4 |     1 ||     5
  Use: Potion            |       |       |       |     1 ||     1
  Eat: Chunk             |       |       |     4 |       ||     4
